cohdb
Replays
Latest Replays
All Replays
Popular Replays
Top Player Replays
Match Explorer
How It Works
Community
CoH3 Stats
Reddit
Sign in to upload your games and track your stats! →
Sign in with Steam
Match 44064436
Unlisted
Match 44064436
Overview
Messages
Build Orders
End
Panzergrenadier Squad
Selects Battlefield Espionage Battlegroup
Kradschützen Motorcycle Team
Panzergrenadier Squad
Construct Light Support Kompanie
Selects Intel Disruption Beacon
Panzerjäger Squad
Construct Mechanized Kompanie
Assault Grenadier Squad
Selects 250/3 Funkpanzerwagen
8 Rad Armored Car
Selects Plunder
Selects 250/3 Funkpanzerwagen
CrazyGalileo
巴图尔
πεδίου μάχης
JollyRedRockett
Kys-tier rat
浮生、毁你几座春秋
0
0
Comments
sign in to comment!
No comments posted yet!